 Dungeon Crawl Stone Soup version 0.30-b1-2-g02819fbbbe (webtiles) character file.

Game seed: 17995745089726463300

130 raph the Slasher (level 4, -6/39 HPs)
             Began as a Minotaur Fighter on May 14, 2023.
             Mangled by an iguana (7 damage)
             ... on level 4 of the Dungeon.
             The game lasted 00:02:56 (2388 turns).

raph the Slasher (Minotaur Fighter)                 Turns: 2388, Time: 00:02:57

Health: -6/39      AC: 11    Str: 21    XL:     4   Next: 90%
Magic:  3/3        EV:  4    Int:  5    God:
Gold:   86         SH:  4    Dex: 11    Spells: 3/3 levels left

rFire   . . .        a - +0 long sword
rCold   . . .        c - +0 buckler
rNeg    . . .        d - +0 chain mail
rPois   .            (helmet restricted)
rElec   .            (no cloak)
rCorr   .            (no gloves)
SInv    .            (no boots)
Will    .....        (no amulet) Stlth
                     (no ring)
HPRegen 0.26/turn    (no ring)
MPRegen 0.08/turn

%: no passive effects
@: about to teleport, constricted
A: horns 2, retaliatory headbutt, iridescent scales 1, camouflage 1
a: no special abilities


You were on level 4 of the Dungeon.
You visited 1 branch of the dungeon, and saw 4 of its levels.

You collected 86 gold pieces.

Inventory:

Hand Weapons
 a - a +0 long sword (weapon)
Missiles
 h - 8 boomerangs (quivered)
 r - 2 throwing nets
Armour
 b - a +0 scale mail
 c - a +0 buckler (worn)
 d - a +0 chain mail (worn)
 q - a +0 kite shield
Jewellery
 n - a +5 ring of evasion
 o - a +5 ring of evasion
 p - a ring of flight
Scrolls
 f - a scroll of identify
 k - a scroll of noise {unknown}
 l - a scroll of fog {unknown}
 s - a scroll of enchant armour {unknown}
 t - a scroll of poison {unknown}
Potions
 g - 2 potions of attraction
 i - 2 potions of lignification
 j - a potion of mutation
 m - 2 potions of curing
 u - a potion of heal wounds {unknown}


   Skills:
 - Level 3.6 Fighting
 + Level 6.2 Long Blades
 - Level 3.6 Armour
 - Level 3.6 Shields


You had 3 spell levels left.
You didn't know any spells.
Your spell library contained the following spells:

 Spells                   Type           Power      Damage    Failure   Level
 Shock                    Conj/Air       0%         1d3       99%         1
 Cigotuvi's Dreadful Rot  Necr/Pois/Air  0%         N/A       100%        2
 Swiftness                Air            0%         N/A       100%        3
 Airstrike                Air            0%         2d(0-16)  100%        4
 Dispel Undead            Necr           0%         3d6       100%        4
 Death Channel            Necr           0%         N/A       100%        6


Dungeon Overview and Level Annotations

Branches:
Dungeon (4/15)             Temple (0/1) D:4

Altars:

Annotations:
D:3 Natasha, Pargi
D:4 Grinder


Innate Abilities, Weirdness & Mutations

You have a pair of horns on your head.
You reflexively headbutt those who attack you in melee.
You are partially covered in iridescent scales. (AC +2)
Your skin changes colour to match your surroundings (Stealth+).


Message History

The ball python barely misses you. The ball python constricts you.
The orc hits you with a +0 morningstar.
* * * LOW HITPOINT WARNING * * *
Grinder says, "My boss said I was rubbish.
His entrails said otherwise."
It was a potion of curing.
You feel better.
The quokka bites you but does no damage.
You block the ball python's attack. The ball python constricts you.
The orc hits you with a +0 morningstar.
Grinder says, "I used to sell toenails on the black market."
Grinder hits you.
* * * LOW HITPOINT WARNING * * *
You writhe in agony.
* * * LOW HITPOINT WARNING * * *
The kobold throws a stone.
You block the stone.
It was a potion of mutation.
You feel extremely strange.
Your skin functions as natural camouflage.
Iridescent scales grow over part of your body.
The quokka bites you but does no damage.
The ball python bites you.
* * * LOW HITPOINT WARNING * * *
The ball python constricts you. The orc hits you but does no damage.
The goblin hits you but does no damage.
Grinder blinks!
As you read the scroll of teleportation, it crumbles to dust.
You feel strangely unstable.
The quokka twitches its whiskers.
The quokka bites you but does no damage.
The ball python bites you but does no damage.
The ball python constricts you. The goblin hits you but does no damage.
The orc hits you but does no damage.
The quokka bites you but does no damage.
The ball python bites you but does no damage.
The ball python constricts you. The goblin barely misses you.
You furiously retaliate!
You headbutt the goblin.
It was a potion of magic.
Magic courses through your body.
A jackal comes into view.
The orc hits you with a +0 morningstar.
* * * LOW HITPOINT WARNING * * *
The goblin hits you but does no damage. You block the quokka's attack.
The iguana bites you!
You die...

...####..gS...#.#
..h........o..##...
..#.#....o##.....!.
.#.....o.#######..##
...#.#gS.# ## ##
.###.#..## ..
...###...##.#####.#
..#......g.#g.#....#
#...##.K@So##..)#
#..#.lro.g.o#.#
##.##.og###...# #
#.###5..#..#
#..#.#...####.#
#...5....# ...
#...#.#.## ##.
#.......# .
#.....?##


You could see Grinder, an iguana, 3 gnolls, 4 orcs, a quokka, a jackal, a
goblin, a ball python and a kobold.

Vanquished Creatures
  Terence (D:3)
  An orc wizard (D:3)
  2 adders (D:2)
  An ufetubus (D:4)
  2 worms (D:3)
  A dart slug (D:2)
  4 orcs
  3 endoplasms
  A giant cockroach (D:2)
  9 goblins
  A hobgoblin (D:3)
  2 jackals (D:3)
  2 quokkas
  3 ball pythons
  5 bats
  4 kobolds
  4 rats
46 creatures vanquished.

Notes
Turn   | Place    | Note
-------+----------+-------------------------------------------
     0 | D:1      | raph the Minotaur Fighter began the quest for the Orb.
     0 | D:1      | Reached XP level 1. HP: 19/19 MP: 0/0
   203 | D:1      | Reached skill level 3 in Long Blades
   568 | D:1      | Reached XP level 2. HP: 26/26 MP: 1/1
  1212 | D:2      | Reached skill level 4 in Long Blades
  1296 | D:2      | Reached XP level 3. HP: 31/31 MP: 2/2
  1933 | D:3      | Noticed Terence
  1940 | D:3      | Killed Terence
  1941 | D:3      | Reached skill level 5 in Long Blades
  1941 | D:3      | Reached XP level 4. HP: 33/39 MP: 3/3
  2081 | D:3      | Reached skill level 6 in Long Blades
  2340 | D:3      | Noticed Pargi
  2341 | D:3      | Noticed Natasha
  2367 | D:4      | Noticed Grinder
  2368 | D:4      | Found a staircase to the Ecumenical Temple.
  2386 | D:4      | Gained mutation: Your skin changes colour to match your
                  | surroundings (Stealth+). [potion of mutation]
  2386 | D:4      | Gained mutation: You are partially covered in iridescent
                  | scales. (AC +2) [potion of mutation]
  2388 | D:4      | HP: 1/39 [orc/+0 morningstar (3)]
  2388 | D:4      | Mangled by an iguana

Illustrated notes

Levels and vault maps discovered:
D:1:      wheals_arrival_linesprint, layout_loops_corners, serial_bayou_crossing
D:2:      minmay_door_path, layout_basic
D:3:      layout_rooms, uniq_pargi, uniq_terence, uniq_robin, uniq_natasha
D:4:      layout_rooms, mainiacjoe_overflow_small_starburst,
          nicolae_overflow_crystal_walls, gammafunk_temple_overflow_wave,
          mainiacjoe_overflow_paths, minmay_temple_entry_slanted, uniq_grinder,
          uniq_menkaure, uniq_pikel

Skill      XL: |  1  2  3  4 |
---------------+-------------+-----
Long Blades    | 3 4 5 6 |  6.2
Fighting       | |  3.6
Armour         | |  3.6
Shields        | |  3.6

Action                     |  1- 3 |  4- 6 || total
---------------------------+-------+-------++-------
  Melee: Long sword        |    55 |    36 ||    91
         Headbutt          |     9 |     4 ||    13
  Throw: Boomerang         |     6 |       ||     6
    Use: Potion            |     1 |     3 ||     4
         Scroll            |       |     4 ||     4
 Armour: Scale mail        |    24 |     7 ||    31
         Chain mail        |       |    31 ||    31
  Dodge: Dodged            |    26 |    26 ||    52
  Block: Buckler           |    14 |    14 ||    28
